AoeStats
← maNIC

Hideout

509592875Analyzed
1v1 RM · 6d ago on Sep 27, 2026· 22m 59s· 2 players
Game mode
Random Map
Map size
Tiny (2 player)
Population
200
Speed
Normal
Resources
Standard
Victory
Conquest
Starting age
Dark Age
Ending age
Imperial Age
RankedLock teamsTeams togetherTeam positionsShared explorationLock speedFull tech treeHidden civsTurbo modeCheats
Victory
Defeat
🇹🇷 Italians · Türkiye
442
+14
🇳🇱 Vikings · Netherlands
406
-14
Vanilla Ice
10:18 Feudal Age
10:45 Double-Bit Axe
10:52 Horse Collar
15:31 Man-at-Arms
maNIC
6:58 Loom
10:07 Feudal Age
12:58 Wheelbarrow
11:46 Man-at-Arms
13:58 Arson
14:58 Double-Bit Axe
17:46 Bloodlines
18:27 Gold Mining
19:56 Town Watch
24:43 Castle Age
23:21 Stone Mining
Connection lost

Rejoining the realm…

Still unreachable

The connection could not be restored.

Session expired

The server has moved on; the page needs a fresh start.